 Dungeon Crawl Stone Soup version 0.20.0-9-g8272e65 (webtiles) character file.

200 Kriby the Chopper (level 5, 0/48 HPs)
             Began as a Hill Orc Fighter on June 3, 2017.
             Slain by a bullfrog (2 damage)
             ... in a sewer.
             The game lasted 00:03:36 (2252 turns).

Kriby the Chopper (Hill Orc Fighter)                Turns: 2252, Time: 00:03:37

Health: 0/48       AC: 10    Str: 25    XL:     5   Next: 78%
Magic:  5/5        EV:  5    Int:  8    God:
Gold:   171        SH: 20    Dex: 10    Spells: 4/4 levels left

rFire    . . .     SeeInvis .   a - +0 war axe
rCold    . . .     Gourm    .   k - +0 large shield
rNeg     . . .     Faith    .   b - +0 scale mail
rPois    .         Spirit   .   (no helmet)
rElec    .         Reflect  +   s - +0 cloak
rCorr    .         Harm     .   (no gloves)
MR       .....                  c - +1 pair of boots
Stlth    ..........             n - +5 amulet of reflection
Regen    0.2/turn               (no ring)
MPRegen  0.1/turn               (no ring)

@: mighty, lethally poisoned (0 -> -5), flying
A: no striking features
a: no special abilities


You were in a sewer.
You were not hungry.

You visited 1 branch of the dungeon, and saw 3 of its levels.
You also visited: Sewer.

You collected 171 gold pieces.

Inventory:

Hand Weapons
 a - a +0 war axe (weapon)
Armour
 b - a +0 scale mail (worn)
 c - a +1 pair of boots (worn)
 k - a +0 large shield (worn)
 s - a +0 cloak (worn)
Jewellery
 n - a +5 amulet of reflection (around neck)
Wands
 q - a wand of polymorph (9/24)
Scrolls
 h - 2 scrolls of identify
 i - 4 scrolls of fog
 v - a scroll of teleportation {unknown}
 w - 2 scrolls of blinking {unknown}
Potions
 d - 2 potions of might
 e - a potion of flight
 j - a potion of mutation {unknown}
 l - 2 potions of curing {unknown}
 m - a potion of invisibility {unknown}
 r - a potion of magic {unknown}
 t - 2 potions of heal wounds {unknown}
 u - a potion of brilliance {unknown}
Comestibles
 f - 2 bread rations
 o - 2 meat rations
 p - 2 royal jellies


   Skills:
 + Level 5.0 Fighting
 + Level 5.1 Axes
 - Level 3.2 Armour
 * Level 4.8 Shields


You had 4 spell levels left.
You didn't know any spells.

Dungeon Overview and Level Annotations

Branches:
Dungeon (3/15)

Altars:
Trog


Message History

The adder poisons you! You block the bullfrog's attack.
You barely miss the adder. You barely miss the ball python.
You closely miss the adder.
You closely miss the bullfrog. x2; You feel sick.
The adder bites you but does no damage.
The ball python bites you but does no damage.
You block the ball python's attack. You block the bullfrog's attack.
The adder bites you but does no damage.
The bullfrog hits you but does no damage.
The adder bites you but does no damage.
The ball python bites you but does no damage.
You block the ball python's attack. The bullfrog hits you.
* * * LOW HITPOINT WARNING * * *
The adder bites you but does no damage. The bullfrog hits you!
* * * LOW HITPOINT WARNING * * *
It was a potion of flight.
You feel very buoyant.
You fly up into the air.
* * * LOW HITPOINT WARNING * * *
You feel sick. The adder bites you but does no damage. The bullfrog hits you.
You die...

#≈≈≈≈≈≈#####
#≈≈≈≈≈
#≈≈≈≈≈≈#
#≈≈≈≈≈
#≈≈≈≈≈≈#
#≈≈≈≈≈
#≈≈≈≈≈≈#
#≈≈≈≈≈
#≈≈≈≈≈≈#
#≈≈≈÷≈
#≈≈≈≈≈≈#
##...≈
#≈≈#≈≈≈#
#≈....
#≈FF≈≈≈#
##≈≈≈.
#†@S≈≈≈#
#≈≈≈≈≈
#†SS≈≈≈#
#≈≈≈≈≈
#≈#≈≈≈≈#
#≈≈≈≈≈
#≈≈≈≈≈≈#
#≈≈≈≈≈
#≈≈≈≈≈≈#
#≈≈≈≈≈
#≈≈≈≈≈≈#
#≈≈≈≈≈
#≈≈≈#≈≈#
#≈≈≈≈≈ ##
≈≈≈## ##≈...
.... #.....


You could see 2 bullfrogs, 2 adders and a ball python.

Vanquished Creatures
  Crazy Yiuf (D:2)
  9 adders
  A river rat (Sewer)
  2 oozes (Sewer)
  2 worms (D:2)
  2 leopard geckos (D:3)
  6 ball pythons (Sewer)
  8 bats
  4 giant cockroaches (D:3)
  4 hobgoblins
  4 jackals (D:2)
  2 quokkas
  4 frilled lizards
  2 goblins
  2 kobolds (D:2)
  29 rats
82 creatures vanquished.

Notes
Turn   | Place    | Note
-------+----------+-------------------------------------------
     0 | D:1      | Kriby the Hill Orc Fighter began the quest for the Orb.
     0 | D:1      | Reached XP level 1. HP: 19/19 MP: 1/1
   226 | D:1      | Reached XP level 2. HP: 27/27 MP: 2/2
   645 | D:2      | Found a bloodstained altar of Trog.
   775 | D:2      | Reached XP level 3. HP: 29/33 MP: 3/3
   876 | D:2      | Found a runed door.
  1255 | D:2      | Noticed Crazy Yiuf
  1261 | D:2      | Killed Crazy Yiuf
  1261 | D:2      | Reached XP level 4. HP: 41/41 MP: 4/4
  1596 | D:3      | Found a glowing drain.
  1632 | Sewer    | Entered a sewer
  1806 | Sewer    | Reached XP level 5. HP: 47/47 MP: 5/5
  1992 | Sewer    | Reached skill level 5 in Fighting
  2015 | Sewer    | Reached skill level 5 in Axes
  2252 | Sewer    | HP: 2/48 [poisoned by an adder]
  2252 | Sewer    | Slain by a bullfrog

Skill      XL: |  1  2  3  4  5 |
---------------+----------------+-----
Axes           | 3 4 5 |  5.1
Fighting       | 4 5 |  5.0
Shields        | 4 |  4.8
Armour         | |  3.2

Action                   |  1- 3 |  4- 6 || total
-------------------------+-------+-------++-------
Melee: War axe           |    89 |   145 ||   234
  Use: Scroll            |       |     2 ||     2
       Potion            |       |     2 ||     2
  Eat: Chunk             |     1 |     4 ||     5
Armor: Scale mail        |    42 |    98 ||   140
Dodge: Dodged            |    10 |    38 ||    48
Block: Shield            |     9 |       ||     9
       Large shield      |    68 |   204 ||   272
       Reflection        |     1 |       ||     1
